 Dungeon Crawl Stone Soup version 0.30-a0-457-g4b7bca3bfa (webtiles) character file.

Game seed: 6617947749243939682

142 McMuffin the Slasher (level 5, -1/39 HPs)
             Began as a Demonspawn Reaver on Dec 12, 2022.
             Was a Believer of Uskayaw.
             Constricted to death by Ijyb (2 damage)
             ... on level 3 of the Dungeon.
             The game lasted 00:06:34 (2160 turns).

McMuffin the Slasher (Demonspawn Reaver)            Turns: 2160, Time: 00:06:35

Health: -1/39      AC:  3    Str: 12    XL:     5   Next: 4%
Magic:  8/8        EV:  9    Int: 14    God:    Uskayaw [**....]
Gold:   130        SH:  0    Dex: 14    Spells: 7/8 levels left

rFire   . . .      SeeInvis .    a - +0 falchion
rCold   . . .      Faith    .    (no shield)
rNeg    . . .      Spirit   .    b - +0 leather armour
rPois   .          Reflect  .    (no helmet)
rElec   .          Harm     .    (no cloak)
rCorr   .          Rampage  .    (no gloves)
Will    .....                    (no boots)
Stlth   +.........               (no amulet)
HPRegen 0.26/turn                (no ring)
MPRegen 0.11/turn                (no ring)

@: grasped by roots, constricted
A: hooves 2, powered by death 1
a: Renounce Religion, Stomp, Line Pass


You were on level 3 of the Dungeon.
You worshipped Uskayaw.
Uskayaw was noncommittal.
You visited 1 branch of the dungeon, and saw 3 of its levels.

You collected 130 gold pieces.

Inventory:

Hand Weapons
 a - a +0 falchion (weapon)
Armour
 b - a +0 leather armour (worn)
Jewellery
 j - a ring of magical power
Scrolls
 c - 2 scrolls of blinking {unknown}
 e - a scroll of noise {unknown}
 f - a scroll of vulnerability {unknown}
 g - a scroll of amnesia {unknown}
 h - a scroll of poison {unknown}
 k - a scroll of torment {unknown}
 m - a scroll of silence {unknown}
 n - a scroll of fear {unknown}
Potions
 d - a potion of might {unknown}
 i - a potion of brilliance {unknown}
 l - a potion of mutation {unknown}


   Skills:
 + Level 2.3 Fighting
 + Level 3.9 Long Blades
 + Level 1.4 Armour
 + Level 2.4 Dodging
 + Level 0.5 Stealth
 + Level 2.1 Spellcasting
 + Level 3.4 Conjurations


You had 7 spell levels left.
You knew the following spells:

 Your Spells              Type           Power      Damage    Failure   Level
a - Kiss of Death         Conj/Necr      24%        2d7       14%         1

Your spell library contained the following spells:

 Spells                   Type           Power      Damage    Failure   Level
 Momentum Strike          Conj/Tloc      12%        3d8       22%         2
 Hailstorm                Conj/Ice       6%         3d4       41%         3


Dungeon Overview and Level Annotations

Branches:
Dungeon (3/15)

Altars:
Ashenzari
Uskayaw

Shops:
D:3 :

Annotations:
D:3 Ijyb


Innate Abilities, Weirdness & Mutations

You have hoof-like feet.
You regenerate a little health from kills.


Message History

Ijyb screams, "Me kill you!" Ijyb hits you with a +0 club.
The grasping roots constrict you.
The grasping roots release their grip on you.
You can now pass through a line of other dancers.
You are too injured to fight recklessly!
You are too injured to fight recklessly!
You are too injured to fight recklessly!
You are too injured to fight recklessly!
You are too injured to fight recklessly!
You are too injured to fight recklessly!
You are too injured to fight recklessly!
You are too injured to fight recklessly!
You are too injured to fight recklessly!
You are too injured to fight recklessly!
You are too injured to fight recklessly!
You are too injured to fight recklessly!
You are too injured to fight recklessly!
You are too injured to fight recklessly!
You closely miss Ijyb.
Ijyb is heavily wounded.
Ijyb zaps a wand.
The roots erupt in riotous growth!
The grasping roots grab you!
Ijyb is unaffected.
The grasping roots constrict you.
* * * LOW HITPOINT WARNING * * *
An endoplasm comes into view.
You slash Ijyb! Your kick misses Ijyb.
Ijyb is almost dead.
Ijyb hits you with a +0 club.
* * * LOW HITPOINT WARNING * * *
The grasping roots constrict you.
* * * LOW HITPOINT WARNING * * *
Ijyb barely misses you. The grasping roots constrict you.
* * * LOW HITPOINT WARNING * * *
Okay, then.
You hit Ijyb but do no damage.
Ijyb is almost dead.
Ijyb hits you with a +0 club.
* * * LOW HITPOINT WARNING * * *
The grasping roots constrict you.
You die...

## ##.$. . .... ######
. ...## ...... .##
#...# # #.. .... ...# #
#..###~..~###.J# #
#.#...# #...#g#
###.#.⌠.#≈≈#.⌠.#@#
.##.#...#≈≈#...#.#
#....###~≈≈~###..##
.......~≈≈≈≈≈..†..#
#.#....≈≈≈≈≈~.....#
#.#..###~≈≈~###...####
....#...#≈≈#...#.......
##..#.⌠.#≈≈#.⌠.#...####
###.#...#~~#...#...#


You could see Ijyb and an endoplasm.

Vanquished Creatures
  Natasha (twice) (D:3)
  4 adders
  2 worms
  A dart slug (D:2)
  8 bats
  2 endoplasms
  3 giant cockroaches
  3 goblins
  7 hobgoblins
  4 kobolds
  5 ball pythons
  4 frilled lizards
  6 rats
51 creatures vanquished.

Notes
Turn   | Place    | Note
-------+----------+-------------------------------------------
     0 | D:1      | McMuffin the Demonspawn Reaver began the quest for the Orb.
     0 | D:1      | Reached XP level 1. HP: 16/16 MP: 3/3
   205 | D:1      | Gained mutation: You regenerate a little health from kills.
                  | [demonic ancestry]
   205 | D:1      | Reached XP level 2. HP: 15/15 MP: 3/5
   667 | D:2      | Found a faded altar of an unknown god.
   673 | D:2      | Found a broken altar of Ashenzari.
   677 | D:2      | Prayed at the altar of an unknown god.
   677 | D:2      | Became a worshipper of Uskayaw the Reveller
   677 | D:2      | Reached * piety under Uskayaw
   717 | D:2      | Reached ** piety under Uskayaw
   726 | D:2      | Reached *** piety under Uskayaw
   732 | D:2      | Reached XP level 3. HP: 8/19 MP: 6/6
  1639 | D:3      | Reached skill level 1 in Armour
  1639 | D:3      | Gained mutation: You have large cloven feet. [demonic
                  | ancestry]
  1639 | D:3      | Reached XP level 4. HP: 4/33 MP: 7/7
  1794 | D:3      | Noticed Natasha
  1801 | D:3      | Killed Natasha
  2004 | D:3      | Found Hamm's Vocational Training.
  2013 | D:3      | Noticed Natasha
  2037 | D:3      | Killed Natasha
  2038 | D:3      | Gained mutation: You have hoof-like feet. [demonic
                  | ancestry]
  2038 | D:3      | Reached XP level 5. HP: 25/39 MP: 8/8
  2151 | D:3      | Noticed Ijyb
  2160 | D:3      | HP: 1/39 [Ijyb/+0 club (4)]
  2160 | D:3      | Constricted to death by Ijyb

Illustrated notes

Levels and vault maps discovered:
D:1:      ebering_trefoil_twist, layout_loops_ring
D:2:      minmay_general_purpose_star, layout_loops_ring, basic_altar,
          chequers_ecumenical_altar_simple
D:3:      layout_loops_ring, fountainhead, nicolae_shop_vocational, uniq_ijyb,
          uniq_natasha

Skill      XL: |  1  2  3 |
---------------+----------+-----
Long Blades    | 3 |  3.9
Dodging        | 2 |  2.4
Armour         | 1 |  1.4
Fighting       | |  2.3
Stealth        | |  0.5
Spellcasting   | |  2.1
Conjurations   | |  3.4

Action                   |  1- 3 |  4- 6 || total
-------------------------+-------+-------++-------
Melee: Falchion          |   142 |    42 ||   184
       Kick              |       |     7 ||     7
       Punch             |       |     1 ||     1
 Cast: Kiss of Death     |     4 |       ||     4
 Stab: Paralysed         |     1 |     1 ||     2
       Sleeping          |     2 |       ||     2
Armor: Leather armour    |    33 |     5 ||    38
Dodge: Dodged            |    84 |    24 ||   108

Table legend: (Time is in decaauts)
 A = Elapsed time spent in this place.
 B = Non-inter-level travel time spent in this place.
 C = Inter-level travel time spent in this place.
 D = Time resting spent in this place.
 E = Time spent auto-exploring this place.
 F = Levels seen in this place.
 G = Mean time per level.
                   A        B        C        D        E       F      G
               +--------+--------+--------+--------+--------+-----+--------+
         Total |   2185 |   2137 |     48 |    121 |   1538 |   3 |  728.3 |
       Dungeon |   2185 |   2137 |     48 |    121 |   1538 |   3 |  728.3 |
               +--------+--------+--------+--------+--------+-----+--------+

Top non-repeatable levels by time:
     D:2: 796 daAuts
     D:3: 739 daAuts
     D:1: 649 daAuts
